 Dungeon Crawl Stone Soup version 0.28.0-49-g6dfe1f597d (webtiles) character file.

Game seed: 10237512704410883124

163 Zeld the Changer (level 5, -2/33 HPs)
             Began as an Octopode Transmuter on May 15, 2022.
             Was an Initiate of Gozag.
             Succumbed to an orc's poison
             ... on level 3 of the Dungeon.
             The game lasted 00:02:59 (3224 turns).

Zeld the Changer (Octopode Transmuter)              Turns: 3224, Time: 00:03:00

Health: -2/33      AC:  1    Str: 12    XL:     5   Next: 44%
Magic:  9/9        EV: 13    Int: 15    God:    Gozag
Gold:   36         SH:  0    Dex: 12    Spells: 0/10 levels left

rFire   . . .      SeeInvis .     - Unarmed
rCold   . . .      Faith    .   (no shield)
rNeg    . . .      Spirit   .   (helmet currently unavailable)
rPois   .          Reflect  .   (no amulet)
rElec   .          Harm     .   (no ring)
rCorr   .          Rampage  .   (no ring)
Will    .....                   (no ring)
Stlth   +++.......              (no ring)
HPRegen 0.11/turn               (no ring)
MPRegen 0.11/turn               (no ring)
                                (no ring)
                                (no ring)

@: lethally poisoned (-2 -> -33), appendages (expiring), gold aura
A: tentacle spike 3, almost no armour, amphibious, 8 rings, camouflage 1,
gelatinous body 1, (nimble swimmer 1), tentacles
a: End Transformation, Renounce Religion, Potion Petition, Call Merchant, Bribe
Branch


You were on level 3 of the Dungeon.
You worshipped Gozag.
Gozag was noncommittal.
One of your tentacles had grown a beastly spike.
You visited 1 branch of the dungeon, and saw 3 of its levels.

You collected 218 gold pieces.
You spent 127 gold pieces at shops.
You paid 55 gold pieces to Gozag.

Inventory:

Scrolls
 a - a scroll of fear {unknown}
 b - a scroll of enchant armour {unknown}
 c - 2 scrolls of magic mapping {unknown}
 d - 5 scrolls of identify {unknown}
 g - a scroll of blinking {unknown}
 h - a scroll of teleportation {unknown}
 l - a scroll of amnesia {unknown}
 o - a scroll of vulnerability {unknown}
Potions
 e - a potion of brilliance {unknown}
 f - a potion of magic {unknown}
 i - a potion of curing {unknown}
 j - a potion of lignification {unknown}
 k - a potion of might {unknown}
 m - a potion of berserk rage {unknown}
 n - a potion of resistance {unknown}


   Skills:
 - Level 1.0 Fighting
 - Level 2.0 Dodging
 + Level 2.3 Stealth
 - Level 3.0 Unarmed Combat
 * Level 3.2 Spellcasting
 * Level 3.3 Transmutations
 + Level 1.5 Ice Magic
 - Level 2.0 Poison Magic


You couldn't memorise any spells.
You knew the following spells:

 Your Spells              Type           Power      Damage    Failure   Level
a - Beastly Appendage     Tmut           24%        N/A       4%          1
b - Wereblood             Tmut           12%        N/A       8%          2
c - Spider Form           Tmut/Pois      10%        N/A       21%         3
d - Ice Form              Ice/Tmut       9%         N/A       58%         4

Your spell library contained the following spells:

 Spells                   Type           Power      Damage    Failure   Level


Dungeon Overview and Level Annotations

Branches:
Dungeon (3/15)

Altars:
Gozag

Shops:
D:3 *


Innate Abilities, Weirdness & Mutations

One of your tentacles has grown a beastly spike.
You cannot wear most types of armour.
You are amphibious.
You can wear up to eight rings at the same time.
Your skin changes colour to match your surroundings (Stealth+).
Your rubbery body absorbs attacks. (AC +1, EV +1)
((You are camouflaged when in or above water. (Stealth+)))
You have tentacles for arms and can constrict up to eight enemies at once.


Message History

You constrict the orc.
You tentacle-slap the orc but do no damage.
You pierce the orc.
You kill the orc!
The orc hits you but does no damage.
You closely miss the orc. You grab the orc.
You pierce the orc.
The orc is lightly wounded.
You constrict the orc. The orc hits you with a +0 short sword.
An orc comes into view. It is wielding a +0 whip.
The orc shouts!
You tentacle-slap the orc.
You kill the orc!
The orc barely misses you.
You tentacle-slap the orc but do no damage.
You grab the orc.
You pierce the orc.
You squeeze the orc.
You kill the orc!
The orc barely misses you.
You tentacle-slap the orc but do no damage.
You grab the orc.
Your transformation is almost over.
You constrict the orc, but do no damage.
The orc hits you with a +1 short sword of venom.
You are poisoned.
You release your grip on the orc.
You feel very sick.
The orc hits you with a +1 short sword of venom.
You are lethally poisoned!
Items here: $ )) [[.
* * * LOW HITPOINT WARNING * * *
You feel very sick.
The orc hits you with a +1 short sword of venom.
* * * LOW HITPOINT WARNING * * *
You are more poisoned.
You are too injured to fight recklessly!
You tentacle-slap the orc but do no damage.
You grab the orc. You squeeze the orc.
The orc is heavily wounded.
You constrict the orc.
You die...
Your body crumbles into a pile of gold.

.# .# .# .# $ ##.#
#..#
##########o#######
..........$@o....#
######.########.#
#.# $ #.# #.#
#.#### #....#
####.# #.#


You could see 2 orcs.

Vanquished Creatures
  A gnoll (D:2)
  6 adders
  A worm (D:2)
  12 orcs (D:3)
  6 bats
  8 endoplasms
  5 giant cockroaches
  8 goblins
  8 hobgoblins
  3 jackals (D:2)
  2 quokkas
  6 ball pythons
  A frilled lizard (D:1)
  7 kobolds
  6 rats
80 creatures vanquished.

Notes
Turn   | Place    | Note
-------+----------+-------------------------------------------
     0 | D:1      | Zeld the Octopode Transmuter began the quest for the Orb.
     0 | D:1      | Reached XP level 1. HP: 13/13 MP: 3/3
   296 | D:1      | Found a faded altar of an unknown god.
   439 | D:1      | Reached XP level 2. HP: 13/18 MP: 3/5
   675 | D:1      | Learned a level 2 spell: Wereblood
   954 | D:1      | Reached XP level 3. HP: 23/23 MP: 4/6
   958 | D:1      | Learned a level 3 spell: Spider Form
   962 | D:1      | Reached skill level 1 in Stealth
  1239 | D:2      | Reached skill level 1 in Poison Magic
  1589 | D:2      | Reached skill level 1 in Ice Magic
  1590 | D:2      | Reached XP level 4. HP: 19/28 MP: 7/7
  2694 | D:3      | Reached XP level 5. HP: 30/33 MP: 7/9
  2699 | D:3      | Learned a level 4 spell: Ice Form
  2724 | D:3      | Found an opulent altar of Gozag.
  2753 | D:3      | Became a worshipper of Gozag Ym Sagoz the Greedy
  2951 | D:3      | Found Kud Bobb's Assorted Antiques.
  2961 | D:3      | Bought an emerald potion for 23 gold pieces
  2961 | D:3      | Bought 3 scrolls labelled MAOPPY KULE for 78 gold pieces
  2995 | D:3      | Bought a scroll labelled ACZINL PESCHUI for 26 gold pieces
  3224 | D:3      | Succumbed to an orc's poison

Illustrated notes

Levels and vault maps discovered:
D:1:      shiori_shiawase, layout_loops_ring, basic_ecumenical_altar
D:2:      layout_rooms, minmay_tromino_v7
D:3:      layout_loops_ring, nicolae_gozag_seed_capital, serial_shops,
          shop_fountains, corexii_corridor_pit

Skill      XL: |  1  2  3  4  5 |
---------------+----------------+-----
Stealth        | 1 2 |  2.3
Poison Magic   | 1 2 |  2.0
Ice Magic      | 1 |  1.5
Transmutations | 3 |  3.3
Spellcasting   | 3 |  3.2
Fighting       | |  1.0
Dodging        | |  2.0
Unarmed Combat | |  3.0

Action                   |  1- 3 |  4- 6 || total
-------------------------+-------+-------++-------
Melee: Unarmed           |    83 |    97 ||   180
       Kick              |    22 |    31 ||    53
       Tentacles         |     9 |    17 ||    26
       Constrict         |    22 |    25 ||    47
       Punch             |     2 |     1 ||     3
 Cast: Beastly Appendage |    24 |    17 ||    41
       Spider Form       |       |     2 ||     2
 Stab: Sleeping          |    10 |     3 ||    13
Armor: Skin              |    12 |     6 ||    18
Dodge: Dodged            |    42 |    54 ||    96
